 Dungeon Crawl Stone Soup version 0.19.5 (webtiles) character file.

211 tricornhat the Cudgeler (level 5, 0/63 HPs)
             Began as a Demonspawn Berserker on Mar 24, 2017.
             Was a Priest of Trog.
             Slain by Grinder (3 damage)
             ... on level 3 of the Dungeon.
             The game lasted 00:12:07 (2335 turns).

tricornhat the Cudgeler (Demonspawn Berserker)      Turns: 2335, Time: 00:12:08

Health: 0/63       AC:  8    Str: 20 (23) XL:     5   Next: 57%
Magic:  5/5        EV:  8    Int:  6 (9)  God:    Trog [***...]
Gold:   84         SH:  0    Dex: 10 (12) Spells: 0 memorised, 4 levels left

rFire  . . .     SeeInvis .     a - +0 mace
rCold  . . .     Gourm    .     m - +0 chain mail
rNeg   . . .     Faith    .     (no shield)
rPois  .         Spirit   .     (no helmet)
rElec  .         Reflect  .     (no cloak)
rCorr  .         Harm     .     (no gloves)
MR     .....                    (no boots)
Stlth  ..........               (no amulet)
                                (no ring)
                                (no ring)

@: berserking, very quick
A: hooves 1, nightstalker 1, rot immunity
a: Berserk, Trog's Hand, Burn Spellbooks, Renounce Religion


You were on level 3 of the Dungeon.
You worshipped Trog.
Trog was most pleased with you.
You were very hungry.

You visited 1 branch of the dungeon, and saw 3 of its levels.

You collected 84 gold pieces.

Inventory:

Hand Weapons
 a - a +0 mace (weapon)
Armour
 b - a +0 animal skin
 e - a +0 leather armour
 m - a +0 chain mail (worn)
Jewellery
 q - an uncursed ring of ice {unknown}
Wands
 r - a wand of polymorph (8/24)
Scrolls
 d - 4 scrolls of teleportation {unknown}
 g - a scroll of random uselessness {unknown}
 j - 8 scrolls of identify {unknown}
 k - a scroll of immolation {unknown}
 l - a scroll of fog {unknown}
 n - 3 scrolls of remove curse {unknown}
 o - a scroll of recharging {unknown}
 v - a scroll of amnesia {unknown}
 y - a scroll of magic mapping {unknown}
 z - a scroll of blinking {unknown}
Potions
 f - a potion of degeneration
 i - a potion of curing
 s - a potion of brilliance {unknown}
 t - a potion of heal wounds {unknown}
 u - a potion of lignification {unknown}
 w - a potion of magic {unknown}
 x - a potion of berserk rage {unknown}
 B - a potion of agility
Comestibles
 c - 2 bread rations
 h - a royal jelly
 p - 2 meat rations
 A - 3 chunks of flesh


   Skills:
 + Level 4.1 Fighting
 * Level 4.4 Maces & Flails
 + Level 2.5 Armour
 + Level 2.2 Dodging
 + Level 0.2 Stealth


You had 4 spell levels left.
You didn't know any spells.

Dungeon Overview and Level Annotations

Branches:
Dungeon (3/15)

Altars:

Annotations:
D:3 Grinder


Innate Abilities, Weirdness & Mutations

You have large cloven feet.
You are slightly more attuned to the shadows.
You are immune to rotting.


Message History

You are feeling very hungry.
You sock Grinder! Your kick misses Grinder.
Grinder is heavily wounded.
Grinder hits you.
* * * LOW HITPOINT WARNING * * *
You barely miss Grinder. Your kick misses Grinder.
Grinder is heavily wounded.
You closely miss Grinder. Your kick misses Grinder.
Grinder is heavily wounded.
Grinder hits you!
* * * LOW HITPOINT WARNING * * *
You writhe in agony.
* * * LOW HITPOINT WARNING * * *
You barely miss Grinder. Your kick misses Grinder.
Grinder is heavily wounded.
Grinder completely misses you.
You hit Grinder. You kick Grinder.
Grinder is severely wounded.
Grinder is no longer unusually agile.
Grinder hits you.
You die...

# #.# # #.# #
#.# # #.# #
#.# # #.# #
######)#####
#
#..........#
#
#...@......#
#
#...5......#
###
#....!.....#
..#
#............
.######
######.###.##
....... .# .#
.######### .#
.# #<# .# #)#


You could see Grinder.

Vanquished Creatures
  Ijyb (D:2)
  Terence (D:2)
  Natasha (twice) (D:2)
  Robin (D:3)
  An adder (D:2)
  A gnoll (D:1)
  An ooze (D:2)
  A dart slug (D:1)
  3 leopard geckos
  3 orcs (D:3)
  5 giant cockroaches
  19 goblins
  6 hobgoblins
  5 jackals
  A quokka (D:3)
  5 bats
  3 frilled lizards
  4 kobolds
  5 rats
68 creatures vanquished.

Notes
Turn   | Place    | Note
-------+----------+-------------------------------------------
     0 | D:1      | tricornhat the Demonspawn Berserker began the quest for the Orb.
     0 | D:1      | Reached XP level 1. HP: 18/18 MP: 1/1
    76 | D:1      | Gained mutation: You have large cloven feet. [demonic ancestry]
    76 | D:1      | Reached XP level 2. HP: 11/24 MP: 2/2
   879 | D:1      | Gained mutation: You are immune to rotting. [demonic ancestry]
   879 | D:1      | Reached XP level 3. HP: 27/29 MP: 3/3
  1001 | D:2      | Noticed Terence
  1010 | D:2      | Killed Terence
  1205 | D:2      | Reached ** piety under Trog
  1213 | D:2      | Gained mutation: You are slightly more attuned to the shadows. [demonic ancestry]
  1213 | D:2      | Reached XP level 4. HP: 34/37 MP: 4/4
  1228 | D:2      | Noticed Ijyb
  1285 | D:2      | Killed Ijyb
  1414 | D:2      | Noticed Natasha
  1436 | D:2      | Killed Natasha
  1934 | D:2      | Reached XP level 5. HP: 38/42 MP: 5/5
  2009 | D:2      | Noticed Natasha
  2016 | D:2      | Killed Natasha
  2142 | D:3      | Noticed Robin
  2178 | D:3      | Killed Robin
  2184 | D:3      | Reached *** piety under Trog
  2314 | D:3      | Noticed Grinder
  2318 | D:3      | Paralysed by Grinder for 3 turns
  2333 | D:3      | HP: 2/63 [Grinder (2)]
  2335 | D:3      | Slain by Grinder

Skill      XL: |  1  2  3  4  5 |
---------------+----------------+-----
Maces & Flails | 3 4 |  4.4
Armour         | 2 |  2.5
Dodging        | 2 |  2.2
Fighting       | 4 |  4.1
Stealth        | |  0.2

Action                   |  1- 3 |  4- 6 || total
-------------------------+-------+-------++-------
Melee: Mace              |    87 |   158 ||   245
       Kick              |    21 |    25 ||    46
       Unarmed           |       |    14 ||    14
Invok: Berserk           |     2 |     5 ||     7
  Use: Potion            |       |     2 ||     2
  Eat: Chunk             |     3 |     5 ||     8
       Fruit             |       |     3 ||     3
Armor: Chain mail        |    42 |    86 ||   128
       Leather armour    |     7 |       ||     7
       Skin              |       |    17 ||    17
Dodge: Dodged            |    57 |    64 ||   121
